 Dungeon Crawl Stone Soup version 0.29-a0-1027-gcd8c55af63 (webtiles) character file.

Game seed: 2251016290149183562

1644 Plasmagod the Cleaver (level 8, -6/64 HPs)
             Began as a Minotaur Fighter on Aug 13, 2022.
             Was an Initiate of Hepliaklqana.
             Mangled by an orc warrior
             ... wielding a +0 glaive
              (9 damage)
             ... on level 6 of the Dungeon.
             The game lasted 00:08:59 (5054 turns).

Plasmagod the Cleaver (Minotaur Fighter)            Turns: 5054, Time: 00:08:59

Health: -6/64      AC: 12    Str: 23    XL:     8   Next: 67%
Magic:  7/7        EV: 10    Int:  5    God:    Hepliaklqana [......]
Gold:   251        SH:  4    Dex: 10    Spells: 7/7 levels left

rFire   . . .      SeeInvis +   a - +0 war axe
rCold   . . .      Faith    .   c - +0 buckler
rNeg    . . .      Spirit   .   x - +0 plate armour
rPois   .          Reflect  .   (helmet restricted)
rElec   .          Harm     .   q - +0 cloak
rCorr   .          Rampage  .   (no gloves)
Will    .....                   (no boots)
Stlth   ..........              (no amulet)
HPRegen 0.20/turn               k - ring of see invisible
MPRegen 0.10/turn               r - +4 ring of evasion

@: no status effects
A: horns 2, retaliatory headbutt
a: Renounce Religion


You were on level 6 of the Dungeon.
You worshipped Hepliaklqana.
Hepliaklqana was noncommittal.
You visited 2 branches of the dungeon, and saw 7 of its levels.

You collected 251 gold pieces.

Inventory:

Hand Weapons
 a - a +0 war axe (weapon)
Missiles
 e - 6 javelins (quivered)
Armour
 c - a +0 buckler (worn)
 q - a +0 cloak (worn)
 x - a +0 plate armour (worn)
Jewellery
 k - a ring of see invisible (left hand)
 r - a +4 ring of evasion (right hand)
 y - the ring "Giodgh" {rN+ MP+9 Str-2 Dex+2}
   (You found it on level 5 of the Dungeon)

   [ring of positive energy]

   Str:       It affects your strength (-2).
   Dex:       It affects your dexterity (+2).
   rN:        It protects you from negative energy.
   MP:        It affects your magic capacity (+9).
 A - a ring of poison resistance
Wands
 i - a wand of polymorph (5)
 s - a wand of flame (38)
Scrolls
 f - 3 scrolls of teleportation
 l - a scroll of identify
 m - a scroll of amnesia
 p - a scroll of fear
 v - 2 scrolls of blinking
Potions
 b - 2 potions of degeneration {unknown}
 d - 3 potions of might
 g - 2 potions of flight {unknown}
 h - a potion of lignification {unknown}
 j - a potion of resistance {unknown}
 n - a potion of ambrosia {unknown}
 o - 3 potions of brilliance
 t - 4 potions of haste
 u - a potion of invisibility {unknown}
 w - a potion of curing {unknown}


   Skills:
 - Level 3.6 Fighting
 + Level 13.2 Axes
 - Level 3.6 Armour
 - Level 3.6 Shields


You had 7 spell levels left.
You didn't know any spells.
Your spell library contained the following spells:

 Spells                   Type           Power      Damage    Failure   Level
 Sandblast                Erth           0%         2d4       100%        1
 Passwall                 Tmut/Erth      0%         N/A       100%        2
 Stone Arrow              Conj/Erth      0%         3d7       100%        3
 Fulminant Prism          Conj/Hex       0%         3d6       100%        4
 Iskenderun's Mystic Bla  Conj/Tloc      0%         2d3       100%        4
 Lee's Rapid Deconstruct  Erth           0%         3d5*      100%        5


Dungeon Overview and Level Annotations

Branches:
Dungeon (6/15)             Temple (1/1) D:5

Altars:
Ashenzari
Fedhas
Hepliaklqana
Makhleb
Okawaru
Ru
Trog
Xom
Yredelemnul
Zin

Shops:
D:3 (

Annotations:
D:5 1 runed translucent door, Crazy Yiuf


Innate Abilities, Weirdness & Mutations

You have a pair of horns on your head.
You reflexively headbutt those who attack you in melee.


Message History

You closely miss the orc. The orc hits you with a +0 falchion.
The orc priest looks encouraged for a moment.
The orc warrior hits you with a +0 glaive!
You slash the orc warrior!
The orc warrior is severely wounded.
You hit the orc. You closely miss the orc warrior.
The orc warrior is severely wounded.
You hit the orc.
You kill the orc!
The orc warrior hits you but does no damage.
You barely miss the orc warrior.
The orc warrior is severely wounded.
You barely miss the orc priest.
The orc priest calls upon Beogh to heal the orc warrior.
The orc warrior is healed somewhat.
You block the orc warrior's attack.
You barely miss the orc warrior. Your headbutt misses the orc warrior.
The orc warrior is heavily wounded.
You barely miss the orc priest.
The orc priest hits you but does no damage.
The orc warrior hits you with a +0 glaive!
* * * LOW HITPOINT WARNING * * *
You barely miss the orc warrior. Your headbutt misses the orc warrior.
The orc warrior is heavily wounded.
You hit the orc priest. The orc priest barely misses you.
The orc warrior closely misses you. You furiously retaliate!
You headbutt the orc warrior, but do no damage.
You closely miss the orc warrior.
The orc warrior is heavily wounded.
You closely miss the orc priest.
The orc priest invokes the aid of Beogh against you.
You struggle to resist.
The orc warrior hits you with a +0 glaive!
* * * LOW HITPOINT WARNING * * *
You hit the orc warrior but do no damage.
The orc warrior is heavily wounded.
You hit the orc priest but do no damage.
The orc priest looks satisfied for a moment.
The orc warrior hits you with a +0 glaive!
You die...

####### +.....#
#.....# #...oo#
####@# ##....#
##...##...#.....#
#.........#.....#
#.........#.....#
#.....(...###'###
. #...##...##....#
.##...##...#.....#
...........#.....#


You could see an orc warrior and an orc priest.

Vanquished Creatures
  Grinder (D:4)
  Sigmund (D:5)
  A sky beast (D:6)
  A black bear (D:5)
  A centaur (D:5)
  Blork the orc (D:4)
  2 necrophages
  7 scorpions
  An orc priest (D:6)
  2 hounds
  Jessica (D:2)
  2 iguanas
  An orc wizard (D:4)
  Robin (D:2)
  8 adders
  A worm (D:4)
  5 dart slugs
  11 orcs
  8 bats
  8 endoplasms
  6 giant cockroaches
  13 goblins
  9 hobgoblins
  6 jackals
  6 kobolds
  5 quokkas
  17 ball pythons
  5 frilled lizards
  4 rats
135 creatures vanquished.

Vanquished Creatures (others)
  2 fungi (D:5)
2 creatures vanquished.

Grand Total: 137 creatures vanquished

Notes
Turn   | Place    | Note
-------+----------+-------------------------------------------
     0 | D:1      | Plasmagod the Minotaur Fighter began the quest for the Orb.
     0 | D:1      | Reached XP level 1. HP: 19/19 MP: 0/0
    45 | D:1      | Found a faded altar of an unknown god.
    49 | D:1      | Reached skill level 3 in Axes
   101 | D:1      | Reached XP level 2. HP: 25/26 MP: 1/1
   197 | D:1      | Reached skill level 4 in Axes
   494 | D:1      | Reached XP level 3. HP: 30/31 MP: 2/2
  1017 | D:2      | Noticed Jessica
  1024 | D:2      | Killed Jessica
  1025 | D:2      | Reached skill level 5 in Axes
  1025 | D:2      | Reached XP level 4. HP: 12/39 MP: 3/3
  1639 | D:2      | Reached skill level 6 in Axes
  1720 | D:2      | Identified the +2 long sword "Codos" {antimagic, rN+}
  1752 | D:2      | Identified the +6 mace "Awkuyho" {vorpal, Fragile rPois
                  | Int-2 Dex+9}
  1901 | D:2      | Noticed Robin
  1914 | D:2      | Killed Robin
  1920 | D:2      | Reached XP level 5. HP: 26/45 MP: 4/4
  2212 | D:3      | Identified the +7 dagger of the Wilderness {protect, rF+}
  2262 | D:3      | Found Meagay Butog's Antique Weapon Emporium.
  2621 | D:4      | Reached skill level 7 in Axes
  2668 | D:4      | Reached XP level 6. HP: 46/51 MP: 5/5
  2686 | D:4      | Noticed Blork the orc
  2696 | D:4      | Killed Blork the orc
  2697 | D:4      | Reached skill level 8 in Axes
  3011 | D:4      | Noticed Grinder
  3015 | D:4      | Reached skill level 9 in Axes
  3019 | D:4      | Paralysed by Grinder for 2 turns
  3024 | D:4      | Killed Grinder
  3025 | D:4      | Reached skill level 10 in Axes
  3025 | D:4      | Reached XP level 7. HP: 8/57 MP: 6/6
  3433 | D:4      | Found a burning altar of Makhleb.
  3439 | D:4      | Found a glowing silver altar of Zin.
  3439 | D:4      | Noticed an angel
  3439 | D:4      | Noticed a blizzard demon
  3906 | D:5      | Entered Level 5 of the Dungeon
  3948 | D:5      | Identified the ring "Giodgh" {rN+ MP+9 Str-2 Dex+2}
  4034 | D:5      | Found a staircase to the Ecumenical Temple.
  4041 | Temple   | Entered the Ecumenical Temple
  4045 | Temple   | Reached skill level 11 in Axes
  4243 | Temple   | Became a worshipper of Hepliaklqana the Forgotten
  4278 | D:5      | Reached XP level 8. HP: 57/64 MP: 7/7
  4498 | D:5      | Noticed Sigmund
  4509 | D:5      | Killed Sigmund
  4510 | D:5      | Reached skill level 12 in Axes
  4840 | D:5      | Identified the +0 ring mail of Hairiness {Will++}
  4922 | D:5      | Found a runed translucent door.
  4923 | D:5      | Noticed Crazy Yiuf
  5014 | D:6      | Reached skill level 13 in Axes
  5053 | D:6      | HP: 3/64 [orc warrior/+0 glaive (7)]
  5054 | D:6      | Mangled by an orc warrior

Illustrated notes

Levels and vault maps discovered:
D:1:      denvon_arrival_planthouse, layout_basic,
          chequers_ecumenical_altar_simple_redux, minmay_strange_pillars,
          minmay_pentomino_v4
D:2:      layout_basic, kennysheep_another_room, uniq_robin, uniq_jessica
D:3:      layout_rooms, serial_shops, shop
D:4:      layout_basic, grunt_temple_overflow_order_and_chaos_2, st_stairs_7,
          minivault_11, uniq_blork_the_orc, uniq_grinder
D:5:      layout_rooms, minmay_temple_entry_ruins, uniq_crazy_yiuf_cottage,
          uniq_sigmund
D:6:      layout_gridville, nicolae_elemental_shop, uniq_menkaure, uniq_edmund,
          uniq_eustachio
Temple:   nicolae_temple_superstar

Skill      XL: |  1  2  3  4  5  6  7  8 |
---------------+-------------------------+-----
Axes           | 3 4 5 6 7 10 11 13 | 13.2
Fighting       | |  3.6
Armour         | |  3.6
Shields        | |  3.6

Action                   |  1- 3 |  4- 6 |  7- 9 || total
-------------------------+-------+-------+-------++-------
Melee: War axe           |    68 |   144 |   116 ||   328
       Headbutt          |    15 |    14 |    18 ||    47
  Use: Scroll            |       |       |     8 ||     8
Armor: Scale mail        |    31 |    64 |     1 ||    96
       Plate armour      |       |       |    53 ||    53
Dodge: Dodged            |    45 |    99 |    56 ||   200
Block: Buckler           |    18 |    26 |    23 ||    67

Table legend: (Time is in decaauts)
 A = Elapsed time spent in this place.
 B = Non-inter-level travel time spent in this place.
 C = Inter-level travel time spent in this place.
 D = Time resting spent in this place.
 E = Time spent auto-exploring this place.
 F = Levels seen in this place.
 G = Mean time per level.
                   A        B        C        D        E       F      G
               +--------+--------+--------+--------+--------+-----+--------+
         Total |   5102 |   4992 |    110 |    169 |   3868 |   7 |  728.9 |
       Dungeon |   4877 |   4788 |     89 |      0 |   3850 |   6 |  812.8 |
        Temple |    224 |    203 |     21 |    169 |     18 |   1 |  224.0 |
               +--------+--------+--------+--------+--------+-----+--------+

Top non-repeatable levels by time:
     D:4: 1366 daAuts
     D:2: 1220 daAuts
     D:1: 977 daAuts
     D:5: 873 daAuts
     D:3: 393 daAuts
  Temple: 224 daAuts
     D:6: 45 daAuts
